 Dungeon Crawl Stone Soup version 0.31-a0-986-g5e6e4ef867 (webtiles) character file.

Game seed: 11654491795154588965

7084 croobank the Destroyer (level 10, -5/77 HPs)
             Began as a Demonspawn Conjurer on Nov 25, 2023.
             Was an Initiate of Gozag.
             Slain by Urug
             ... wielding a +1 broad axe of venom
              (7 damage)
             ... while paralysed by Urug
             ... on level 10 of the Dungeon.
             The game lasted 00:34:49 (15863 turns).

croobank the Destroyer (Demonspawn Conjurer)       Turns: 15863, Time: 00:34:49

Health: -5/77      AC: 14    Str:  7    XL:     10   Next: 84%
Magic:  12/19      EV:  2    Int: 24    God:    Gozag
Gold:   2314       SH:  0    Dex: 12    Spells: 13/22 levels left

rFire   . . .        z - +2 dagger (venom)
rCold   . . .        (no shield)
rNeg    + . .        D - +3 leather armour
rPois   .            x - +0 helmet
rElec   .            (no cloak)
rCorr   .            v - +0 pair of gloves
SInv    .            (no boots)
Will    .....        (no amulet)
Stlth   +++          J - ring of positive energy
HPRegen 0.32/turn    (no ring)
MPRegen 0.16/turn

%: no passive effects
@: paralysed, mighty, lethally poisoned (-5 -> -21)
A: thin metallic scales 1, icemail 1, powered by pain 1, condensation shield
a: Renounce Religion, Potion Petition, Call Merchant, Bribe Branch


You were on level 10 of the Dungeon.
You worshipped Gozag.
Gozag was most pleased with you.
You visited 1 branch of the dungeon, and saw 10 of its levels.
You also visited: Sewer.

You collected 2314 gold pieces.

Inventory:

Hand Weapons
 a - a +0 dagger of flaming
 b - a +0 sling
 h - a +1 hand axe of freezing
 i - a +0 trident
 k - a +2 dagger of draining
 l - a +3 short sword of draining
 r - a +0 war axe
 z - a +2 dagger of venom (weapon)
 A - a +2 flail of venom
 H - a +4 short sword
Missiles
 j - 5 boomerangs
 o - 8 poisoned darts
 E - 6 javelins
 I - a throwing net
Armour
 c - a +1 robe
 v - a +0 pair of gloves (worn)
 x - a +0 helmet (worn)
 D - a +3 leather armour (worn)
Jewellery
 y - a ring of ice
 J - a ring of positive energy (left hand)
Wands
 g - a wand of flame (20)
 G - a wand of polymorph (6)
Scrolls
 d - 2 scrolls of brand weapon
 n - 3 scrolls of immolation
 p - a scroll of blinking
 q - a scroll of vulnerability
 s - a scroll of amnesia
 t - 3 scrolls of teleportation
 w - a scroll of fear
 F - a scroll of enchant weapon
 K - a scroll of noise {unknown}
Potions
 e - 2 potions of brilliance
 f - 2 potions of magic
 m - 5 potions of curing
 u - 2 potions of enlightenment
 B - a potion of mutation
 C - a potion of cancellation
 L - 3 potions of might
 M - a potion of heal wounds


   Skills:
 + Level 6.9 Fighting
 - Level 3.0 Armour
 + Level 6.6 Dodging
 + Level 7.2 Stealth
 + Level 6.6 Spellcasting
 + Level 8.0 Conjurations
 - Level 5.0 Hexes


You had 13 spell levels left.
You knew the following spells:

 Your Spells              Type           Power      Damage    Failure   Level
a - Magic Dart            Conj           100%       1d8       1%          1
b - Searing Ray           Conj           92%        2d7       1%          2
c - Dazzling Flash        Conj/Hex       78%        N/A       2%          3
d - Jinxbite              Hex            62%        N/A       2%          2
e - Apportation           Tloc           14%        N/A       11%         1

Your spell library contained the following spells:

 Spells                   Type           Power      Damage    Failure   Level
 Sigil of Binding         Hex            31%        N/A       4%          3
 Stone Arrow              Conj/Erth      54%        3d10      6%          3
 Fulminant Prism          Conj/Hex       19%        3d10      8%          4
 Sandblast                Erth           14%        2d6       11%         1
 Cause Fear               Hex            15%        N/A       14%         4
 Passwall                 Tmut/Erth      5%         N/A       17%         2
 Brom's Barrelling Bould  Conj/Erth      27%        2d5       22%         4
 Iskenderun's Mystic Bla  Conj/Tloc      27%        2d7       22%         4
 Sticky Flame             Conj/Fire      27%        2d5       22%         4
 Call Canine Familiar     Summ           7%         N/A       32%         3
 Ignite Poison            Fire/Tmut/Pois 7%         N/A       32%         3
 Anguish                  Hex/Necr       9%         N/A       36%         4
 Dimensional Bullseye     Hex/Tloc       9%         N/A       36%         4
 Leda's Liquefaction      Hex/Erth       9%         N/A       36%         4
 Alistair's Intoxication  Tmut/Pois      4%         N/A       97%         5
 Enfeeble                 Hex            15%        N/A       100%        7
 Ignition                 Fire           3%         3d4       100%        8


Dungeon Overview and Level Annotations

Branches:
Dungeon (10/15)            Temple (0/1) D:6            Lair (0/5) D:9
  Sewer (visited)
    Orc: D:9-12

Altars:
Ashenzari
Dithmenos
Gozag
Hepliaklqana
Qazlal
Vehumet
Yredelemnul

Annotations:
D:10 Urug


Innate Abilities, Weirdness & Mutations

You are partially covered in thin metallic scales. (AC +2)
A meltable icy envelope protects you from harm. (AC +4)
You sometimes gain a little power by taking damage.
A meltable shield of frost defends you. (SH +4)


Message History

Urug hits you with a +1 broad axe of venom!
You are more poisoned.
The searing ray hits Urug but does no damage.
Urug is moderately wounded.
You feel very sick.
Urug hits you with a +1 broad axe of venom!
You focus on the pain.
You feel very mighty all of a sudden.
You are lethally poisoned!
The searing ray misses Urug.
You finish channelling your searing ray.
* * * LOW HITPOINT WARNING * * *
You feel extremely sick.
Urug hits you with a +1 broad axe of venom!
* * * LOW HITPOINT WARNING * * *
You are more poisoned.
You feel better. You block Urug's attack.
You feel much better.
Urug hits you with a +1 broad axe of venom!!
* * * LOW HITPOINT WARNING * * *
You are lethally poisoned!
Casting: Searing Ray (safe; 1% risk of failure)
Confirm with . or Enter, or press ? or * to list all spells.
You don't know that spell.
You feel better.
Urug zaps a wand.
You easily resist.
Casting: Searing Ray (safe; 1% risk of failure)
Confirm with . or Enter, or press ? or * to list all spells.
Casting: Dazzling Flash (mildly dangerous; 2% risk of failure)
Press: ? - help, Dir - look around, f - activate Urug zaps a wand.
You suddenly lose the ability to move!
Urug zaps a wand.
You easily resist.
Urug hits you with a +1 broad axe of venom!!
* * * LOW HITPOINT WARNING * * *
You are lethally poisoned!
* * * LOW HITPOINT WARNING * * *
You feel very sick.
Urug hits you with a +1 broad axe of venom!
You die...
Urug says, "One more harpy dead."
Your body crumbles into a pile of gold.

.........#.......#.#
##.####......_.....#
##.# #.##.......###
##.# # #.8...8.#
##.# ##.....### ##<#
###.###.# #### #.#
.# #####.###.#
#.......@.#
#########o# .# ##


You could see Urug (poisoned).

Vanquished Creatures
  Sonja (D:10)
  A manticore (D:9)
  Joseph (D:7)
  4 yaks (D:9)
  A basilisk (D:9)
  3 wyverns
  4 water moccasins
  3 orc warriors
  2 ice beasts
  3 black bears
  2 wolves
  3 centaurs (D:9)
  2 ogres
  A phantom (D:6)
  2 bullfrogs
  5 scorpions
  3 wights (D:7)
  18 killer bees
  An electric eel (D:7)
  8 orc priests
  A jelly (D:7)
  3 hounds
  4 gnoll boudas
  3 sleepcaps
  6 iguanas
  A hell rat (Sewer)
  7 orc wizards
  Robin (D:4)
  22 gnolls
  17 adders
  A river rat (Sewer)
  A white imp (D:8)
  3 worms
  5 dart slugs
  44 orcs
  8 endoplasms
  4 giant cockroaches
  22 goblins
  10 hobgoblins
  2 quokkas
  13 ball pythons
  11 bats
  2 frilled lizards
  3 kobolds
  7 rats
269 creatures vanquished.

Notes
Turn   | Place    | Note
-------+----------+-------------------------------------------
     0 | D:1      | croobank the Demonspawn Conjurer began the quest for the
                  | Orb.
     0 | D:1      | Reached XP level 1. HP: 13/13 MP: 3/3
   319 | D:1      | Gained mutation: A meltable shield of frost defends you.
                  | (SH +4) [demonic ancestry]
   319 | D:1      | Reached XP level 2. HP: 20/20 MP: 3/5
   516 | D:1      | Learned a level 2 spell: Searing Ray
   785 | D:1      | Found a faded altar of an unknown god.
   789 | D:1      | Prayed at the altar of an unknown god.
   789 | D:1      | Became a worshipper of Gozag Ym Sagoz the Greedy
   944 | D:1      | Gained mutation: You are partially covered in thin metallic
                  | scales. (AC +2) [demonic ancestry]
   944 | D:1      | Reached XP level 3. HP: 24/25 MP: 1/6
  1466 | D:2      | Reached skill level 1 in Fighting
  1824 | D:2      | Gained mutation: You sometimes gain a little power by
                  | taking damage. [demonic ancestry]
  1824 | D:2      | Reached XP level 4. HP: 25/32 MP: 1/7
  2436 | D:2      | Learned a level 3 spell: Dazzling Flash
  3128 | D:2      | Reached XP level 5. HP: 38/38 MP: 3/9
  5065 | D:4      | You fall into a shaft and drop 1 floor!
  5065 | D:5      | Entered Level 5 of the Dungeon
  5077 | D:5      | Identified the +0 leather armour "Aminad" {Rampage rF+ rC+
                  | rN+ Int-3}
  5148 | D:4      | Noticed Robin
  5184 | D:4      | Reached XP level 6. HP: 12/44 MP: 4/10
  5208 | D:4      | Killed Robin
  5442 | D:4      | Found a stormy altar of Qazlal.
  5515 | D:4      | Found a glowing drain.
  5525 | Sewer    | Entered a sewer
  6132 | D:4      | Found a radiant altar of Vehumet.
  6225 | D:4      | Reached skill level 5 in Conjurations
  7204 | D:5      | Reached XP level 7. HP: 49/51 MP: 1/12
  7961 | D:5      | Found a hazy altar of Hepliaklqana.
  8088 | D:5      | Gained mutation: A meltable icy envelope protects you from
                  | harm. (AC +4) [demonic ancestry]
  8088 | D:5      | Reached XP level 8. HP: 60/60 MP: 8/14
  8091 | D:5      | Learned a level 2 spell: Jinxbite
  8605 | D:6      | Reached skill level 6 in Conjurations
  8605 | D:6      | Reached skill level 1 in Hexes
  9027 | D:6      | Reached skill level 5 in Stealth
  9040 | D:6      | Learned a level 1 spell: Apportation
  9136 | D:6      | Found a staircase to the Ecumenical Temple.
  9282 | D:6      | Found a basalt altar of Yredelemnul.
  9430 | D:6      | Reached skill level 1 in Armour
  9671 | D:7      | Noticed Joseph
  9700 | D:7      | Killed Joseph
  9701 | D:7      | Reached skill level 5 in Dodging
  9701 | D:7      | Reached skill level 5 in Spellcasting
  9701 | D:7      | Reached XP level 9. HP: 20/67 MP: 0/16
  9887 | D:7      | Reached skill level 5 in Fighting
 11217 | D:7      | Reached skill level 7 in Conjurations
 13342 | D:8      | Found a broken altar of Ashenzari.
 13413 | D:8      | Reached XP level 10. HP: 67/76 MP: 9/18
 14875 | D:9      | Found a staircase to the Lair.
 15160 | D:9      | Found a shadowy altar of Dithmenos.
 15528 | D:9      | Noticed a manticore
 15536 | D:9      | Killed a manticore
 15718 | D:10     | Entered Level 10 of the Dungeon
 15718 | D:10     | Noticed Sonja
 15723 | D:10     | Killed Sonja
 15724 | D:10     | Reached skill level 8 in Conjurations
 15724 | D:10     | Reached skill level 5 in Hexes
 15824 | D:10     | Found an opulent altar of Gozag.
 15847 | D:10     | Noticed Urug
 15860 | D:10     | Paralysed by Urug for 4 turns
 15863 | D:10     | HP: 2/77 [poisoned by Urug]
 15863 | D:10     | Slain by Urug

Illustrated notes

Levels and vault maps discovered:
D:1:      matt_arrival_diagonals, layout_basic, nicolae_ecumenical_lake_church
D:2:      kennysheep_the_goblin_king, layout_basic, minmay_snake_closets
D:3:      wad_river_or_something, layout_basic
D:4:      layout_layer_cave, mainiacjoe_overflow_large_starburst,
          gup_sewer_entry_bubbles, uniq_robin
D:5:      layout_loops_cross, old_standard_altar, minmay_circle_x
D:6:      layout_basic, yredelemnul_altar_generic,
          minmay_temple_entry_sparse_star, corexii_item_surrounded_by_moat,
          hangedman_decor_clover_reticule
D:7:      layout_basic, nicolae_kite_square_tiling_tiny, nrook_pool_corridor,
          uniq_joseph
D:8:      layout_loops_corners, nicolae_ashenzari_skybound
D:9:      layout_roguey, mainiacjoe_overflow_alcove_2, minmay_lair_entry_grove,
          minmay_microvault
D:10:     layout_basic, grunt_gozag_statues, uniq_urug, uniq_sonja

Skill      XL: |  1  2  3  4  5  6  7  8  9 10 |
---------------+-------------------------------+-----
Stealth        | 2 3 4 5 6 7 |  7.2
Dodging        | 2 3 4 5 6 |  6.6
Fighting       | 1 2 3 4 5 6 |  6.9
Spellcasting   | 3 4 5 6 |  6.6
Conjurations   | 5 6 7 8 |  8.0
Hexes          | 2 3 5 |  5.0
Armour         | 2 3 |  3.0

Action                     |  1- 3 |  4- 6 |  7- 9 | 10-12 || total
---------------------------+-------+-------+-------+-------++-------
  Melee: Dagger            |    40 |     7 |   108 |   116 ||   271
         Punch             |     1 |     2 |     1 |     1 ||     5
         Short sword       |       |    63 |       |       ||    63
   Fire: Sling             |     4 |       |       |       ||     4
   Cast: Magic Dart        |    29 |    47 |    53 |     9 ||   138
         Searing Ray       |    11 |    52 |    64 |    24 ||   151
         Dazzling Flash    |       |     1 |     1 |     4 ||     6
         Apportation       |       |       |     2 |       ||     2
         Jinxbite          |       |       |       |     3 ||     3
  Evoke: Wand              |       |       |     1 |       ||     1
    Use: Scroll            |       |    10 |     9 |       ||    19
         Potion            |       |     2 |     1 |     3 ||     6
   Stab: Sleeping          |     1 |     4 |     6 |     4 ||    15
         Invisible         |       |     1 |       |       ||     1
 Armour: Robe              |    39 |    66 |    21 |       ||   126
         Leather armour    |       |       |    82 |   148 ||   230
  Dodge: Dodged            |    55 |    59 |   110 |   132 ||   356
  Block: Other             |    12 |    21 |    26 |    37 ||    96

Table legend: (Time is in decaauts)
 A = Elapsed time spent in this place.
 B = Non-inter-level travel time spent in this place.
 C = Inter-level travel time spent in this place.
 D = Time resting spent in this place.
 E = Time spent auto-exploring this place.
 F = Levels seen in this place.
 G = Mean time per level.
                   A        B        C        D        E       F      G
               +--------+--------+--------+--------+--------+-----+--------+
         Total |  15918 |  15597 |    321 |   5540 |   7317 |  11 | 1447.1 |
       Dungeon |  15589 |  15268 |    321 |   5313 |   7317 |  10 | 1558.9 |
         Sewer |    328 |    328 |      0 |    227 |      0 |   1 |  328.0 |
               +--------+--------+--------+--------+--------+-----+--------+

Top non-repeatable levels by time:
     D:7: 2741 daAuts
     D:8: 2002 daAuts
     D:2: 1885 daAuts
     D:3: 1794 daAuts
     D:4: 1609 daAuts
     D:5: 1453 daAuts
     D:9: 1390 daAuts
     D:1: 1288 daAuts
     D:6: 1277 daAuts
   Sewer: 328 daAuts
    D:10: 144 daAuts
